 Dungeon Crawl Stone Soup version 0.25-a0-614-g73ad250637 (webtiles) character file.

Game seed: 1142880738176199098, levelgen mode: deterministic

95 Amnesiac the Bolt Thrower (level 4, -2/22 HPs)
             Began as a Spriggan Hunter on Mar 17, 2020.
             Slain by Grinder (5 damage)
             ... while paralysed by Grinder
             ... on level 3 of the Dungeon.
             The game lasted 00:04:21 (2443 turns).

Amnesiac the Bolt Thrower (Spriggan Hunter)         Turns: 2443, Time: 00:04:22

Health: -2/22      AC:  8    Str:  9    XL:     4   Next: 40%
Magic:  5/5        EV:  4    Int: 12    God:
Gold:   116        SH:  0    Dex: 16    Spells: 3/3 levels left

rFire    . . .     SeeInvis +   a - +1 hand crossbow
rCold    . . .     Gourm    .   (shield restricted)
rNeg     . . .     Faith    .   c - +0 robe
rPois    .         Spirit   .   (helmet restricted)
rElec    .         Reflect  .   (no cloak)
rCorr    .         Harm     .   (gloves unavailable)
MR       .....                  (boots unavailable)
Stlth    ++........             t - amulet of regeneration
HPRegen  0.47/turn              u - +3 ring of protection
MPRegen  0.09/turn              o - +3 ring of protection

@: paralysed, very quick
A: very small, unfitting armour, see invisible, herbivore, speed 3, slow
metabolism 2
a: no special abilities


You were on level 3 of the Dungeon.
You were not hungry.

You visited 1 branch of the dungeon, and saw 3 of its levels.

You collected 116 gold pieces.

Inventory:

Hand Weapons
 a - a +1 hand crossbow (weapon)
 b - a +0 hunting sling
 j - a +0 short sword
 q - a +1 short sword of flaming
 v - a +1 falchion of draining
Missiles
 d - 39 bolts (quivered)
 k - 76 stones
 l - 19 sling bullets
Armour
 c - a +0 robe (worn)
Jewellery
 o - a +3 ring of protection (right hand)
 r - an uncursed ring of magical power
 t - an amulet of regeneration (around neck)
 u - a +3 ring of protection (left hand)
Scrolls
 m - 2 scrolls of enchant armour {!r, unknown}
 n - 2 scrolls of amnesia {!r, unknown}
 p - 3 scrolls of identify {!r, unknown}
 s - 3 scrolls of teleportation {!r, unknown}
Potions
 e - 3 potions of degeneration {!q, unknown}
 g - a potion of haste {!q, unknown}
 h - a potion of heal wounds {!q, unknown}
 i - 2 potions of flight {!q, unknown}
Comestibles
 f - 4 rations


   Skills:
 - Level 1.5 Fighting
 * Level 5.4 Crossbows
 + Level 4.5 Dodging
 - Level 1.5 Stealth


You had 3 spell levels left.
You didn't know any spells.
Your spell library was empty.

Dungeon Overview and Level Annotations

Branches:
Dungeon (3/15)

Altars:

Annotations:
D:3 Grinder


Innate Abilities, Weirdness & Mutations

You are very small and have problems with some larger weapons.
You are too small for most types of armour.
You have supernaturally acute eyesight. (SInv)
You are a herbivore.
You cover ground extremely quickly.
You need to consume almost no food.


Message History

k - 72 stones (gained 1)
k - 77 stones (gained 5) 2 orcs come into view.
The orc shouts!
You hear a shout! x2
An orc wizard comes into view. It is wielding a +0 dagger.
There are monsters nearby!
Firing (i - inventory. (/) - cycle)
k - 77 stones (quivered)
Press: ? - help, Shift-Dir - straight line, f - orc
Aim: an orc, wielding a +0 flail, wearing a +0 scale mail and quivering 5 boomerangs (hasn't noticed you)
You shoot a stone. The stone barely misses the orc.
The orc shouts!
The stone hits the orc.
The orc is lightly wounded.
You hear a shout!
Grinder comes into view.
There are monsters nearby!
Okay, then.
a - a +1 hand crossbow (weapon)
Quiver which item? (- for none, * to show all) (? for menu, Esc to quit)
Okay, then.
Firing (i - inventory. (/) - cycle)
d - 44 bolts (quivered)
Press: ? - help, Shift-Dir - straight line, f - Grinder
Aim: Grinder You shoot a bolt.
The bolt hits Grinder!
Grinder is moderately wounded.
Grinder blinks!
Firing (i - inventory. (/) - cycle)
d - 43 bolts (quivered)
Press: ? - help, Shift-Dir - straight line, f/p - Grinder
Aim: Grinder (moderately wounded)
You shoot a bolt. The bolt hits Grinder.
Grinder is heavily wounded.
Grinder blinks!
Firing (i - inventory. (/) - cycle)
d - 42 bolts (quivered)
Press: ? - help, Shift-Dir - straight line, f/p - Grinder
Aim: Grinder (heavily wounded)
You shoot a bolt. The bolt closely misses Grinder.
Grinder barely misses you.
Firing (i - inventory. (/) - cycle)
d - 41 bolts (quivered)
Press: ? - help, Shift-Dir - straight line, f/p - Grinder
Aim: Grinder (heavily wounded)
You shoot a bolt. The bolt closely misses Grinder.
Grinder gestures at you. Pain shoots through your body!
Ouch! That really hurt!
* * * LOW HITPOINT WARNING * * *
Unknown command.
Firing (i - inventory. (/) - cycle)
d - 40 bolts (quivered)
Press: ? - help, Shift-Dir - straight line, f/p - Grinder
Aim: Grinder (heavily wounded)
You shoot a bolt. The bolt closely misses Grinder.
Grinder barely misses you. Grinder gestures at you.
You suddenly lose the ability to move!
An orc comes into view. It is wielding a +0 hand axe.
Grinder hits you.
* * * LOW HITPOINT WARNING * * *
You writhe in agony.
* * * LOW HITPOINT WARNING * * *
The orc throws a boomerang.
The boomerang hits you but does no damage.
The weapon returns to the orc!
Grinder hits you.
* * * LOW HITPOINT WARNING * * *
You writhe in agony.
* * * LOW HITPOINT WARNING * * *
The orc barely misses you. Grinder hits you.
You die...

########## #........#
#........# ## #........# #..
#######........#######.####
#..((o.o.......'........<..
(o5.####.o.......#######.#<..
o #...5.........# #.#...
#...o@........###.#.##
#...###.......+....... #####
#.#.....###†#.##
#.#####))...#..# #.#
#.#####..# #.#####†# #..#
..##.#.......#####..#
............†..)[....
..######.#########..#


You could see Grinder, an orc wizard and 3 orcs.

Vanquished Creatures
  A worm (D:2)
  A dart slug (D:1)
  3 leopard geckos
  11 orcs (D:3)
  7 giant cockroaches
  7 goblins
  12 hobgoblins
  A quokka (D:2)
  2 ball pythons
  9 bats
  5 frilled lizards
  6 kobolds (D:1)
  8 rats
73 creatures vanquished.

Notes
Turn   | Place    | Note
-------+----------+-------------------------------------------
     0 | D:1      | Amnesiac the Spriggan Hunter began the quest for the Orb.
     0 | D:1      | Reached XP level 1. HP: 10/10 MP: 2/2
     7 | D:1      | Noticed a worker ant
     7 | D:1      | Noticed a black bear
     7 | D:1      | Noticed a four-headed hydra
   109 | D:1      | Reached XP level 2. HP: 7/14 MP: 3/3
  1229 | D:2      | Reached XP level 3. HP: 18/18 MP: 4/4
  1871 | D:2      | You fall into a shaft and drop 1 floor!
  1906 | D:3      | Reached skill level 5 in Crossbows
  2051 | D:3      | Reached XP level 4. HP: 22/22 MP: 5/5
  2429 | D:3      | Noticed Grinder
  2440 | D:3      | Paralysed by Grinder for 5 turns
  2443 | D:3      | Slain by Grinder

Levels and vault maps discovered:
D:1:      onia_arrival_zoo_common, layout_basic, minmay_tetromino_o2
D:2:      layout_basic, minmay_quadrilaterals
D:3:      layout_basic, chequers_ecumenical_altar_twisty, uniq_robin,
          uniq_grinder

Skill      XL: |  1  2  3 |
---------------+----------+-----
Dodging        | 4 |  4.5
Crossbows      | 5 |  5.4
Fighting       | |  1.5
Stealth        | |  1.5

Action                   |  1- 3 |  4- 6 || total
-------------------------+-------+-------++-------
Melee: Short sword       |    48 |       ||    48
 Fire: Hand crossbow     |    33 |     5 ||    38
       Hunting sling     |   146 |    83 ||   229
Armor: Robe              |    12 |    12 ||    24
Dodge: Dodged            |   113 |    33 ||   146

Table legend:
 A = Non-vault XP
 B = Vault XP
 C = Vault XP percentage of total XP
 D = Non-vault monster count
 E = Vault monster count
 F = Vault count percentage of total count
                 A         B        C        D         E       F
            +---------+---------+-------+---------+---------+-------
      Total |     118 |      19 |  13.9 |      63 |      10 |  13.7
            +---------+---------+-------+---------+---------+-------
        D:1 |      37 |       2 |   5.1 |      22 |       2 |   8.3
        D:2 |      15 |      11 |  42.3 |       8 |       5 |  38.5
        D:3 |      66 |       6 |   8.3 |      33 |       3 |   8.3
            +---------+---------+-------+---------+---------+-------
